 Dungeon Crawl Stone Soup version 0.27.1-2-g3b301248ec (webtiles) character file.

Game seed: 228817320011224229

244 Urokeeper the Shield-Bearer (level 5, 0/47 HPs)
             Began as a Minotaur Fighter on Sept 29, 2021.
             Slain by an orc wizard (2 damage)
             ... on level 3 of the Dungeon.
             The game lasted 00:06:19 (2775 turns).

Urokeeper the Shield-Bearer (Minotaur Fighter)      Turns: 2775, Time: 00:06:20

Health: 0/47       AC:  7    Str: 27    XL:     5   Next: 83%
Magic:  4/4        EV:  8    Int:  5    God:
Gold:   84         SH:  0    Dex: 10    Spells: 4/4 levels left

rFire    . . .     SeeInvis .   a - +1 flail
rCold    . . .     Faith    .   c - +0 kite shield
rNeg     . . .     Spirit   .   b - +0 scale mail
rPois    .         Reflect  .   (helmet restricted)
rElec    .         Harm     .   (no cloak)
rCorr    .         Rampage  .   (no gloves)
Will     .....                  (no boots)
Stlth    ..........             (no amulet)
HPRegen  0.15/turn              e - +6 ring of strength
MPRegen  0.09/turn              (no ring)

@: confused
A: horns 2, retaliatory headbutt
a: no special abilities


You were on level 3 of the Dungeon.
You visited 1 branch of the dungeon, and saw 3 of its levels.

You collected 84 gold pieces.

Inventory:

Hand Weapons
 a - a +1 flail (weapon)
Missiles
 i - 12 poisoned darts (quivered)
Armour
 b - a +0 scale mail (worn)
 c - a +0 kite shield (worn)
 j - a +2 helmet
Jewellery
 e - a +6 ring of strength (left hand)
Scrolls
 d - a scroll of amnesia
 f - a scroll of enchant weapon
 g - 2 scrolls of identify
 h - a scroll of magic mapping {unknown}


   Skills:
 + Level 4.4 Fighting
 + Level 4.9 Maces & Flails
 + Level 4.8 Armour
 + Level 0.8 Dodging
 + Level 0.2 Stealth
 + Level 4.9 Shields


You had 4 spell levels left.
You didn't know any spells.
Your spell library contained the following spells:

 Spells                   Type           Power      Damage    Failure   Level
 Ensorcelled Hibernation  Hex/Ice        0%         N/A       99%         2
 Spider Form              Tmut/Pois      0%         N/A       100%        3
 Shadow Creatures         Summ           N/A        N/A       100%        6


Dungeon Overview and Level Annotations

Branches:
Dungeon (3/15)

Altars:


Innate Abilities, Weirdness & Mutations

You have a pair of horns on your head.
You reflexively headbutt those who attack you in melee.


Message History

Found a scroll of identify.
g - 2 scrolls of identify (gained 1)
An orc wizard comes into view. It is wielding a +0 dagger.
The orc wizard shouts!
You hear a shout!
An orc priest comes into view. It is wielding a +0 flail.
The orc wizard moves out of view.
You hear a shout!
An orc comes into view. It is wielding a +0 short sword.
The orc shouts!
The orc priest hits you with a +0 flail.
You barely miss the orc priest. The orc priest barely misses you.
You furiously retaliate!
You headbutt the orc priest. You closely miss the orc priest.
The orc priest is moderately wounded.
The orc priest hits you with a +0 flail.
You closely miss the orc. The orc barely misses you.
You sock the orc!
You kill the orc!
The orc priest calls down the wrath of Beogh upon you.
Beogh smites you!
An orc comes into view. It is wielding a +0 club.
You block the orc priest's attack.
You see here a +0 short sword.
You closely miss the orc priest.
The orc priest is moderately wounded.
The orc priest mumbles some strange prayers to Beogh against you.
Pain shoots through your body!
The orc priest mumbles some strange prayers to Beogh against you.
Pain shoots through your body!
* * * LOW HITPOINT WARNING * * *
The orc wizard points at you and mumbles some strange words.
You are confused.
You miss the orc wizard. Your headbutt misses the orc wizard.
The orc priest hits you but does no damage.
The orc wizard hits you but does no damage.
You bump into the rock wall.
The orc priest hits you with a +0 flail.
* * * LOW HITPOINT WARNING * * *
The orc wizard hits you with a +0 dagger.
You die...

#.......# ##+#
####.#### #.# #.#
#.# #.##### #.....#
#####.# #@#
#o#oo........ ##
########.# #.# #.#
#.# ##### #.#
####...## #.#
###...###.####.#####


You could see an orc priest, an orc wizard and an orc.

Vanquished Creatures
  A scorpion (D:2)
  An orc priest (D:3)
  A bullfrog skeleton (D:3)
  6 adders
  3 dart slugs
  4 orcs (D:3)
  9 ball pythons
  4 endoplasms
  A giant cockroach (D:3)
  6 goblins
  4 hobgoblins
  6 quokkas
  6 bats
  2 frilled lizards
  5 kobolds
  9 rats
68 creatures vanquished.

Notes
Turn   | Place    | Note
-------+----------+-------------------------------------------
     0 | D:1      | Urokeeper the Minotaur Fighter began the quest for the Orb.
     0 | D:1      | Reached XP level 1. HP: 19/19 MP: 0/0
     6 | D:1      | Noticed a swamp worm
     6 | D:1      | Noticed a snapping turtle
     6 | D:1      | Noticed a swamp drake
     7 | D:1      | Noticed a polar bear
   104 | D:1      | Reached XP level 2. HP: 27/27 MP: 1/1
   840 | D:2      | Reached XP level 3. HP: 32/33 MP: 2/2
  1138 | D:2      | Found a faded altar of an unknown god.
  1148 | D:2      | Reached XP level 4. HP: 37/40 MP: 3/3
  1169 | D:2      | Noticed a scorpion
  1175 | D:2      | Killed a scorpion
  1794 | D:3      | Reached XP level 5. HP: 47/47 MP: 4/4
  2775 | D:3      | HP: 2/47 [orc priest (6)]
  2775 | D:3      | Slain by an orc wizard

Illustrated notes

Levels and vault maps discovered:
D:1:      onia_arrival_zoo_common, layout_basic, lemuel_flame_loot_1
D:2:      layout_loops_cross, shapermc_ecumenical_altar_pompeii
D:3:      layout_loops_corners, portal_sewer_entry_e

Skill      XL: |  1  2  3  4 |
---------------+-------------+-----
Shields        | 4 |  4.9
Fighting       | 4 |  4.4
Armour         | 4 |  4.8
Maces & Flails | 3 4 |  4.9
Dodging        | |  0.8
Stealth        | |  0.2

Action                   |  1- 3 |  4- 6 || total
-------------------------+-------+-------++-------
Melee: Flail             |    68 |    79 ||   147
       Headbutt          |    11 |    13 ||    24
  Use: Scroll            |     2 |     1 ||     3
       Potion            |       |     1 ||     1
Armor: Scale mail        |    39 |    26 ||    65
Dodge: Dodged            |    31 |    24 ||    55
Block: Kite shield       |    37 |    47 ||    84
